AoeStats
← Hoid17th

Arena

505358858Analyzed
4v4 RM · 24d ago on Sep 9, 2026· 44m 27s· 8 players
Game mode
Random Map
Map size
Large (8 player)
Population
200
Speed
Normal
Resources
Standard
Victory
Conquest
Starting age
Dark Age
Ending age
Imperial Age
RankedLock teamsTeams togetherTeam positionsShared explorationLock speedFull tech treeHidden civsTurbo modeCheats
Victory
Defeat
🇺🇸 Turks · United States
861
+15
🇹🇷 Vikings · Türkiye
816
+17
🇨🇴 Khmer · Colombia
815
+17
🇺🇸 Burgundians · United States
749
+20
🇺🇸 Romans · United States
898
-20
🇺🇸 Persians · United States
835
-43
🇺🇸 Portuguese · United States
821
-36
🇺🇸 Goths · United States
785
-15
Idle TC Master
7:03 Loom
12:15 Feudal Age
14:43 Wheelbarrow
19:44 Castle Age
18:48 Horse Collar
18:58 Double-Bit Axe
19:38 Gold Mining
19:44 Stone Mining
20:51 Heavy Plow
23:32 Bow Saw
24:21 Squires
25:34 Hand Cart
29:39 Anarchy
31:35 Forging
31:33 Scale Barding Armor
31:32 Scale Mail Armor
37:59 Imperial Age
36:09 Iron Casting
35:50 Chain Mail Armor
39:49 Two-Man Saw
38:52 Elite Huskarl
41:08 Perfusion
42:15 Crop Rotation
43:08 Blast Furnace
Quack Y Attack
10:13 Feudal Age
10:57 Double-Bit Axe
14:29 Castle Age
12:35 Loom
13:40 Horse Collar
15:40 Bow Saw
15:43 Heavy Plow
19:49 Gold Mining
21:12 Scale Mail Armor
21:50 Wheelbarrow
25:47 Ballistas
28:11 Ballistics
30:53 Imperial Age
28:39 Hand Cart
28:56 Fletching
29:24 Chain Mail Armor
29:20 Forging
28:32 Man-at-Arms
29:14 Squires
30:42 Stone Mining
31:09 Long Swordsman
31:18 Heavy Scorpion
33:39 Chemistry
34:00 Legionary
36:50 Iron Casting
Hoid17th
10:32 Feudal Age
15:41 Castle Age
15:47 Double-Bit Axe
16:32 Horse Collar
18:19 Loom
18:50 Bow Saw
21:40 Wheelbarrow
23:37 Heavy Plow
29:27 Imperial Age
28:13 Forging
28:09 Scale Barding Armor
29:43 Bloodlines
31:03 Cavalier
Flying Ace
10:15 Feudal Age
14:38 Loom
17:41 Castle Age
16:23 Double-Bit Axe
17:19 Gold Mining
19:01 Bow Saw
22:56 Fervor
22:43 Horse Collar
24:39 Gold Shaft Mining
25:04 Heavy Plow
27:27 Wheelbarrow
26:45 Fletching
27:59 Kamandaran
28:04 Padded Archer Armor
28:43 Bodkin Arrow
30:10 Hand Cart
30:27 Leather Archer Armor
30:52 Scale Barding Armor
31:41 Scale Barding Armor
34:11 Imperial Age
31:58 Forging
32:15 Husbandry
32:26 Bloodlines
33:01 Thumb Ring
32:18 Crossbowman
33:28 Caravan
35:56 Conscription
35:23 Cavalier
37:23 Chain Barding Armor
37:39 Iron Casting
39:28 Savar
WakaFlakaLane
12:32 Feudal Age
11:19 Stone Mining
14:38 Double-Bit Axe
19:14 Castle Age
18:07 Horse Collar
18:20 Gold Mining
18:46 Forging
28:15 Wheelbarrow
27:25 Town Watch
27:26 Loom
34:16 Imperial Age
31:32 Pikeman
31:34 Man-at-Arms
34:10 Iron Casting
33:41 Scale Barding Armor
34:25 Squires
35:23 Cavalier
36:45 Heavy Plow
36:58 Bow Saw
37:32 Gold Shaft Mining
40:40 Town Patrol
40:57 Hand Cart
41:08 Conscription
[TW]NEMESIS47831
12:04 Feudal Age
13:24 Double-Bit Axe
16:21 Castle Age
15:51 Horse Collar
16:02 Loom
20:56 Imperial Age
21:14 Wheelbarrow
21:12 Heavy Plow
31:20 Gold Mining
33:17 Hand Cart
33:16 Bow Saw
39:55 Two-Man Saw
41:12 Town Watch
eltigre
7:27 Loom
11:05 Feudal Age
11:43 Horse Collar
11:50 Double-Bit Axe
11:57 Gold Mining
11:57 Stone Mining
19:19 Castle Age
20:32 Bow Saw
21:36 Heavy Plow
22:15 Gold Shaft Mining
29:03 Imperial Age
28:37 Wheelbarrow
27:47 Town Watch
30:28 Crop Rotation
31:08 Ballistics
31:50 Double Crossbow
32:54 Hand Cart
34:03 Chemistry
33:53 Heavy Scorpion
35:13 Siege Engineers
SongForBob
8:02 Loom
11:30 Feudal Age
17:14 Castle Age
15:50 Double-Bit Axe
16:12 Padded Archer Armor
16:03 Horse Collar
18:13 Leather Archer Armor
17:57 Crossbowman
21:39 Fletching
22:31 Bodkin Arrow
22:49 Bow Saw
23:10 Stone Mining
23:51 Gold Mining
24:27 Forging
24:17 Scale Mail Armor
24:39 Heavy Plow
24:58 Scale Mail Armor
28:01 Iron Casting
33:06 Imperial Age
32:49 Gold Shaft Mining
32:31 Chain Mail Armor
34:11 Conscription
36:25 Blast Furnace
36:41 Plate Mail Armor
37:27 Crop Rotation
37:55 Bracer
38:19 Ballistics
40:00 Chieftains
40:31 Town Watch
41:26 Man-at-Arms
41:27 Pikeman
41:53 Gambesons
42:08 Squires
41:53 Arson
42:17 Elite Berserk
42:40 Long Swordsman
44:02 Two-Handed Swordsman
Connection lost

Rejoining the realm…

Still unreachable

The connection could not be restored.

Session expired

The server has moved on; the page needs a fresh start.